3055 views
Uploaded 2020-03-10 01:07:44
Game version 1.32.2
29:08 long 1on1 ladder game on (2)Dalaran
Saved by BEARAND
3055 views
Uploaded 2020-03-10 01:07:44
Game version 1.32.2
29:08 long 1on1 ladder game on (2)Dalaran

76 units @ 12.5k
/ 2.5k
26 buildings @ 2.6k
/ 1.2k


| Scroll of Regeneration | 4 | 400 |
| Lesser Clarity Potion | 6 | 420 |
| Ivory Tower | 3 | 120 |
| Potion of Healing | 4 | 600 |
| Potion of Mana | 2 | 400 |
| Scroll of Healing | 1 | 250 |
| Potion of Lesser Invulnerability | 1 | 150 |
| Potion of Invisibility | 1 | 100 |
| total: | 22 | 2440g |
| Peasant | 12 | 900 | / | 0 |
| Footman | 11 | 1485 | / | 0 |
| Dragonhawk Rider | 7 | 1400 | / | 210 |
| Gryphon Rider | 11 | 3080 | / | 770 |
| Knight | 12 | 2940 | / | 720 |
| Flying Machine | 21 | 2100 | / | 630 |
| Goblin Zeppelin | 1 | 240 | / | 60 |
| Goblin Shredder | 1 | 375 | / | 100 |
| total: | 76 | 12520g | / | 2490w |
| Scout Tower | 6 | 180 | / | 120 |
| Guard Tower | 8 | 560 | / | 400 |
| Barracks | 1 | 160 | / | 60 |
| Farm | 11 | 880 | / | 220 |
| Altar of Kings | 1 | 180 | / | 50 |
| Lumber Mill | 1 | 120 | / | 0 |
| Arcane Vault | 1 | 130 | / | 30 |
| Blacksmith | 1 | 140 | / | 60 |
| Town Hall | 1 | 385 | / | 205 |
| Cannon Tower | 1 | 120 | / | 100 |
| Gryphon Aviary | 1 | 140 | / | 150 |
| Workshop | 2 | 280 | / | 280 |
| Keep | 1 | 320 | / | 210 |
| Castle | 1 | 360 | / | 210 |
| total: | 26 | 2595g | / | 1175w |
| 0:02 | Peasant |
| 0:02 | Peasant |
| 0:07 | Barracks |
| 0:22 | Farm |
| 0:24 | Peasant |
| 0:42 | Altar of Kings |
| 0:47 | Peasant |
| 1:01 | Farm |
| 1:05 | Peasant |
| 1:14 | Footman |
| 1:28 | Footman |
| 1:40 | Farm |
| 1:45 | Footman |
| 1:54 | Lumber Mill |
| 2:10 | Footman |
| 2:19 | Arcane Vault |
| 2:31 | Soul Burn |
| 3:26 | Keep |
| 3:29 | Footman |
| 3:29 | Footman |
| 3:30 | Footman |
| 3:30 | Footman |
| 3:34 | Scroll of Regeneration |
| 3:35 | Lesser Clarity Potion |
| 3:51 | Footman |
| 4:53 | Footman |
| 4:54 | Footman |
| 4:57 | Farm |
| 5:42 | Scout Tower |
| 5:44 | Summon Lava Spawn |
| 5:54 | Castle |
| 6:25 | Scout Tower |
| 6:27 | Scout Tower |
| 6:29 | Guard Tower |
| 6:39 | Blacksmith |
| 6:44 | Gryphon Aviary |
| 6:46 | Improved Lumber Harvesting |
| 6:57 | Guard Tower |
| 7:16 | Guard Tower |
| 7:34 | Scroll of Regeneration |
| 7:34 | Lesser Clarity Potion |
| 7:43 | Ivory Tower |
| 8:22 | Peasant |
| 8:23 | Peasant |
| 8:23 | Peasant |
| 8:28 | Dragonhawk Rider |
| 8:28 | Dragonhawk Rider |
| 8:28 | Dragonhawk Rider |
| 8:40 | Scout Tower |
| 9:03 | Peasant |
| 9:03 | Peasant |
| 9:41 | Guard Tower |
| 10:13 | Lesser Clarity Potion |
| 10:14 | Scroll of Regeneration |
| 10:23 | Lesser Clarity Potion |
| 10:37 | Town Hall |
| 11:05 | Farm |
| 11:05 | Farm |
| 11:06 | Farm |
| 11:07 | Farm |
| 11:44 | Goblin Zeppelin |
| 12:05 | Gryphon Rider |
| 14:04 | Dragonhawk Rider |
| 14:06 | Cloud |
| 14:08 | Knight |
| 14:08 | Knight |
| 14:08 | Knight |
| 14:08 | Knight |
| 14:08 | Knight |
| 14:09 | Knight |
| 14:09 | Knight |
| 14:09 | Knight |
| 14:09 | Knight |
| 14:09 | Knight |
| 14:09 | Knight |
| 14:10 | Knight |
| 14:14 | Peasant |
| 14:22 | Scroll of Regeneration |
| 14:30 | Soul Burn |
| 14:34 | Iron Forged Swords |
| 14:40 | Gryphon Rider |
| 14:57 | Peasant |
| 15:02 | Scout Tower |
| 15:05 | Guard Tower |
| 15:54 | Guard Tower |
| 15:58 | Scout Tower |
| 16:10 | Gryphon Rider |
| 16:10 | Gryphon Rider |
| 16:10 | Gryphon Rider |
| 16:10 | Gryphon Rider |
| 16:10 | Gryphon Rider |
| 16:10 | Gryphon Rider |
| 16:10 | Gryphon Rider |
| 16:10 | Gryphon Rider |
| 16:10 | Gryphon Rider |
| 16:15 | Animal War Training |
| 16:21 | Farm |
| 16:22 | Farm |
| 16:23 | Farm |
| 16:34 | Summon Lava Spawn |
| 17:07 | Mana Shield |
| 18:45 | Frost Arrows |
| 19:02 | Scroll of Healing |
| 19:20 | Workshop |
| 19:24 | Workshop |
| 19:46 | Guard Tower |
| 20:19 | Flying Machine |
| 20:53 | Goblin Shredder |
| 21:39 | Potion of Healing |
| 21:39 | Lesser Clarity Potion |
| 21:48 | Potion of Mana |
| 21:49 | Potion of Mana |
| 21:49 | Potion of Healing |
| 21:50 | Lesser Clarity Potion |
| 21:54 | Potion of Healing |
| 22:03 | Flak Cannons |
| 22:05 | Flying Machine |
| 22:05 | Flying Machine |
| 22:05 | Flying Machine |
| 22:06 | Flying Machine |
| 22:06 | Flying Machine |
| 22:06 | Flying Machine |
| 22:21 | Ivory Tower |
| 22:22 | Ivory Tower |
| 23:07 | Mana Shield |
| 23:13 | Iron Plating |
| 23:13 | Black Gunpowder |
| 23:16 | Flying Machine |
| 23:17 | Flying Machine |
| 23:17 | Flying Machine |
| 23:17 | Flying Machine |
| 23:17 | Flying Machine |
| 23:17 | Flying Machine |
| 23:17 | Flying Machine |
| 23:23 | Flying Machine Bombs |
| 23:23 | Flying Machine |
| 23:50 | Potion of Lesser Invulnerability |
| 24:03 | Potion of Invisibility |
| 24:12 | Flying Machine |
| 24:12 | Flying Machine |
| 24:12 | Flying Machine |
| 24:12 | Flying Machine |
| 24:15 | Steel Plating |
| 24:31 | Guard Tower |
| 24:33 | Cannon Tower |
| 25:29 | Flying Machine |
| 25:30 | Flying Machine |
| 25:41 | Dragonhawk Rider |
| 25:45 | Dragonhawk Rider |
| 26:16 | Dragonhawk Rider |
| 27:29 | Potion of Healing |
| Right click | 1247 |
| Select | 421 |
| Build/train/purchase | 173 |
| Misc. action | 103 |
| Use ability | 35 |
| Assign group | 12 |
| Chat | 10 |
| Item give/drop | 4 |
| Esc | 4 |
| Remove unit | 3 |
| Select group | 3 |
33 units @ 4.7k
/ 0.6k
86 buildings @ 4.5k
/ 2.5k



| Scroll of Regeneration | 4 | 400 |
| Potion of Healing | 4 | 600 |
| Staff of Sanctuary | 3 | 750 |
| Orb of Fire | 1 | 325 |
| Scroll of Town Portal | 2 | 700 |
| Staff of Teleportation | 3 | 450 |
| Boots of Speed | 3 | 750 |
| total: | 20 | 3975g |
| Peasant | 16 | 1200 | / | 0 |
| Priest | 2 | 270 | / | 20 |
| Dragonhawk Rider | 12 | 2400 | / | 360 |
| Goblin Shredder | 1 | 375 | / | 100 |
| Goblin Zeppelin | 2 | 480 | / | 120 |
| total: | 33 | 4725g | / | 600w |
| Scout Tower | 70 | 2100 | / | 1400 |
| Arcane Tower | 3 | 210 | / | 150 |
| Guard Tower | 43 | 3010 | / | 2150 |
| Altar of Kings | 1 | 180 | / | 50 |
| Farm | 6 | 480 | / | 120 |
| Lumber Mill | 1 | 120 | / | 0 |
| Arcane Vault | 2 | 260 | / | 60 |
| Town Hall | 2 | 770 | / | 410 |
| Blacksmith | 1 | 140 | / | 60 |
| Barracks | 1 | 160 | / | 60 |
| Arcane Sanctum | 1 | 150 | / | 140 |
| Gryphon Aviary | 1 | 140 | / | 150 |
| Keep | 1 | 320 | / | 210 |
| Castle | 2 | 720 | / | 420 |
| total: | 86 | 4500g | / | 2450w |
| 0:03 | Peasant |
| 0:11 | Altar of Kings |
| 0:13 | Peasant |
| 0:13 | Peasant |
| 0:19 | Farm |
| 0:20 | Peasant |
| 0:31 | Peasant |
| 0:35 | Scout Tower |
| 0:40 | Lumber Mill |
| 0:52 | Peasant |
| 1:08 | Peasant |
| 1:34 | Scout Tower |
| 1:35 | Farm |
| 1:39 | Peasant |
| 1:40 | Arcane Tower |
| 1:51 | Peasant |
| 1:52 | Peasant |
| 1:53 | Peasant |
| 2:06 | Guard Tower |
| 2:11 | Blizzard |
| 2:13 | Scout Tower |
| 2:13 | Peasant |
| 2:40 | Guard Tower |
| 2:43 | Arcane Vault |
| 3:32 | Peasant |
| 3:33 | Peasant |
| 3:34 | Scroll of Regeneration |
| 3:38 | Scout Tower |
| 3:39 | Scout Tower |
| 3:43 | Improved Masonry |
| 3:48 | Scout Tower |
| 3:49 | Scout Tower |
| 3:54 | Keep |
| 3:56 | Scout Tower |
| 4:06 | Guard Tower |
| 4:07 | Guard Tower |
| 4:12 | Farm |
| 4:34 | Guard Tower |
| 4:35 | Scout Tower |
| 4:44 | Farm |
| 4:48 | Advanced Masonry |
| 4:48 | Imbued Masonry |
| 4:54 | Scroll of Regeneration |
| 5:01 | Guard Tower |
| 5:06 | Scout Tower |
| 5:08 | Scout Tower |
| 5:46 | Guard Tower |
| 6:23 | Brilliance Aura |
| 6:32 | Guard Tower |
| 6:32 | Scout Tower |
| 6:34 | Arcane Sanctum |
| 7:11 | Staff of Teleportation |
| 7:11 | Boots of Speed |
| 7:14 | Storm Bolt |
| 7:27 | Boots of Speed |
| 7:45 | Scroll of Town Portal |
| 7:53 | Guard Tower |
| 7:55 | Magic Sentry |
| 8:17 | Priest |
| 8:28 | Potion of Healing |
| 8:39 | Gryphon Aviary |
| 9:10 | Potion of Healing |
| 9:51 | Farm |
| 9:52 | Farm |
| 9:55 | Dragonhawk Rider |
| 9:55 | Dragonhawk Rider |
| 10:24 | Scout Tower |
| 10:24 | Scout Tower |
| 10:25 | Scout Tower |
| 10:25 | Scout Tower |
| 10:38 | Blizzard |
| 10:43 | Scout Tower |
| 10:44 | Scout Tower |
| 10:50 | Bash |
| 10:51 | Guard Tower |
| 10:52 | Guard Tower |
| 10:59 | Dragonhawk Rider |
| 11:04 | Scroll of Regeneration |
| 11:06 | Guard Tower |
| 11:10 | Guard Tower |
| 11:13 | Guard Tower |
| 11:19 | Guard Tower |
| 11:53 | Town Hall |
| 12:00 | Scout Tower |
| 12:03 | Scout Tower |
| 12:29 | Dragonhawk Rider |
| 13:01 | Dragonhawk Rider |
| 13:03 | Guard Tower |
| 13:24 | Scout Tower |
| 13:25 | Peasant |
| 13:25 | Peasant |
| 13:26 | Scout Tower |
| 13:52 | Guard Tower |
| 13:54 | Dragonhawk Rider |
| 13:54 | Dragonhawk Rider |
| 13:58 | Guard Tower |
| 14:02 | Arcane Vault |
| 14:05 | Scout Tower |
| 14:07 | Scout Tower |
| 14:22 | Scout Tower |
| 14:24 | Scout Tower |
| 14:36 | Arcane Tower |
| 14:36 | Guard Tower |
| 14:38 | Scout Tower |
| 14:59 | Guard Tower |
| 15:01 | Dragonhawk Rider |
| 15:02 | Dragonhawk Rider |
| 15:07 | Castle |
| 15:22 | Dragonhawk Rider |
| 15:27 | Dragonhawk Rider |
| 15:29 | Improved Lumber Harvesting |
| 15:38 | Scroll of Regeneration |
| 16:10 | Guard Tower |
| 16:18 | Scout Tower |
| 16:19 | Scout Tower |
| 16:22 | Dragonhawk Rider |
| 16:28 | Staff of Teleportation |
| 16:34 | Goblin Shredder |
| 16:48 | Goblin Zeppelin |
| 16:59 | Blacksmith |
| 17:00 | Scout Tower |
| 17:01 | Scout Tower |
| 17:44 | Storm Bolt |
| 17:51 | Guard Tower |
| 18:16 | Potion of Healing |
| 18:18 | Staff of Sanctuary |
| 18:28 | Bash |
| 19:04 | Potion of Healing |
| 19:32 | Scout Tower |
| 19:32 | Scout Tower |
| 19:33 | Scout Tower |
| 19:33 | Scout Tower |
| 19:35 | Scout Tower |
| 19:36 | Scout Tower |
| 19:36 | Scout Tower |
| 19:37 | Scout Tower |
| 19:38 | Scout Tower |
| 19:38 | Scout Tower |
| 19:39 | Guard Tower |
| 19:40 | Scout Tower |
| 19:40 | Scout Tower |
| 19:46 | Holy Light |
| 20:28 | Guard Tower |
| 20:30 | Guard Tower |
| 20:46 | Boots of Speed |
| 20:46 | Staff of Teleportation |
| 20:53 | Staff of Sanctuary |
| 21:39 | Scroll of Town Portal |
| 21:44 | Guard Tower |
| 21:47 | Scout Tower |
| 21:47 | Scout Tower |
| 22:01 | Iron Forged Swords |
| 22:01 | Studded Leather Armor |
| 22:05 | Town Hall |
| 22:06 | Scout Tower |
| 22:07 | Scout Tower |
| 22:07 | Scout Tower |
| 22:07 | Scout Tower |
| 22:08 | Scout Tower |
| 22:08 | Scout Tower |
| 22:10 | Barracks |
| 22:11 | Guard Tower |
| 22:37 | Goblin Zeppelin |
| 23:22 | Brilliance Aura |
| 23:23 | Animal War Training |
| 23:24 | Scout Tower |
| 23:24 | Scout Tower |
| 23:25 | Scout Tower |
| 23:25 | Scout Tower |
| 23:29 | Storm Bolt |
| 23:40 | Guard Tower |
| 24:05 | Staff of Sanctuary |
| 24:30 | Orb of Fire |
| 24:43 | Guard Tower |
| 24:44 | Guard Tower |
| 24:52 | Divine Shield |
| 25:12 | Guard Tower |
| 25:13 | Scout Tower |
| 25:13 | Scout Tower |
| 25:14 | Scout Tower |
| 25:14 | Scout Tower |
| 25:14 | Scout Tower |
| 25:16 | Steel Forged Swords |
| 25:16 | Reinforced Leather Armor |
| 25:17 | Priest |
| 25:17 | Priest Adept Training |
| 25:19 | Guard Tower |
| 25:43 | Guard Tower |
| 25:50 | Cloud |
| 26:01 | Guard Tower |
| 27:50 | Mithril Forged Swords |
| 27:50 | Dragonhide Armor |
| 27:54 | Guard Tower |
| 27:56 | Scout Tower |
| 27:56 | Scout Tower |
| 27:57 | Scout Tower |
| 27:57 | Scout Tower |
| 27:58 | Scout Tower |
| 27:59 | Scout Tower |
| 27:59 | Scout Tower |
| 28:00 | Scout Tower |
| 28:00 | Scout Tower |
| 28:01 | Scout Tower |
| 28:26 | Holy Light |
| Right click | 3461 |
| Select group | 870 |
| Select | 799 |
| Build/train/purchase | 212 |
| Use ability | 96 |
| Chat | 88 |
| Assign group | 35 |
| Misc. action | 16 |
| Item give/drop | 16 |
| Remove unit | 3 |
โ